[Event "Team 45 45 League 2006 Invitational"]
[Site "Internet Chess Club"]
[Date "2006.11.01"]
[Round "1"]
[White "WilmaP"]
[Black "jeffk"]
[Result "1-0"]
[WhiteElo "1146"]
[BlackElo "1015"]
[TimeControl "2700+45"]

1. e4 e6 2. d4 d5 3. e5 c5 4. Nf3 Nc6 5. Bb5 Qb6 6. a4 Ne7 7. O-O Nf5 8. c3 Be7 9. b4 cxb4 10. Bg5 bxc3 11. Nxc3 Bd7 12. Bxe7 Nfxe7 13. Rb1 Qa5 14. Rc1 h6 15. Ne2 Nf5 16. Nf4 a6 17. Be2 O-O-O 18. Qb3 Kb8 19. Rb1 Bc8 20. Rfc1 Nfe7 21. Nd3 Kc7 22. Rc5 b6 23. Rxa5 {Black resigns} 1-0

[Event "Team 45 45 League 2006 Invitational"]
[Site "Internet Chess Club"]
[Date "2006.11.01"]
[Round "1"]
[White "WzeroMN"]
[Black "furrbrain"]
[Result "1-0"]
[WhiteElo "1219"]
[BlackElo "1098"]
[TimeControl "2700+45"]

1. e4 e6 2. d4 d5 3. e5 c5 4. c3 Qb6 5. Nf3 Nc6 6. Be3 Qxb2 7. Nbd2 Qxc3 8. Rc1 Qa5 9. dxc5 Nge7 10. Be2 Nf5 11. Qb3 Be7 12. O-O O-O 13. Bd3 d4 14. Bf4 Bxc5 15. Rc4 b5 16. Rxc5 Qb4 17. Rxc6 Qxb3 18. axb3 Bb7 19. Rcc1 a6 20. Bxf5 exf5 21. Nxd4 Rad8 22. Nxf5 Bd5 23. b4 g6 24. Nh6+ Kg7 25. Rcd1 f6 26. exf6+ Rxf6 27. Be5 {Black resigns} 1-0

[Event "Team 45 45 League 2006 Invitational"]
[Site "Internet Chess Club"]
[Date "2006.11.01"]
[Round "1"]
[White "t-hobbes"]
[Black "Conjurer"]
[Result "0-1"]
[WhiteElo "1269"]
[BlackElo "1238"]
[TimeControl "2700+45"]

1. e4 c5 2. Nf3 d6 3. Bb5+ Nd7 4. O-O Nf6 5. Nc3 a6 6. Bc4 e6 7. d4 cxd4 
8. Nxd4 b5 9. Be2 Bb7 10. Bf3 Nc5 11. Re1 b4 12. Nce2 Ncxe4 13. Ng3 d5 
14. Nde2 Bc5 15. Nxe4 dxe4 16. Qxd8+ Rxd8 17. Bh5 Nxh5 18. Bg5 Nf6 19. 
Ng3 Rd7 20. Kf1 Rd4 21. f3 exf3 22. gxf3 Bxf3 23. Nf5 Bg2+ 24. Kxg2 Rg4+ 
25. Kf3 Rxg5 26. Kf4 h6 27. Ng3 Ke7 28. h4 Rd5 29. Kf3 Rd2 30. c3 Rf2# 
{White checkmated} 0-1

[Event "Team 45 45 League 2006 Invitational"]
[Site "Internet Chess Club"]
[Date "2006.11.01"]
[Round "1"]
[White "charles-allen"]
[Black "Grenadier"]
[Result "1-0"]
[WhiteElo "1642"]
[BlackElo "1593"]
[TimeControl "2700+45"]

1. e4 c6 2. d4 d5 3. Nc3 dxe4 4. f3 exf3 5. Nxf3 Nf6 6. Bc4 Bg4 7. Bxf7+ Kxf7 8. Ne5+ Ke8 9. Nxg4 Nbd7 10. O-O Qa5 11. Bf4 Qh5 12. Nxf6+ Nxf6 13. Qd3 Kd7 14. Rae1 Rd8 15. Qc4 Kc8 16. Re5 Qg4 17. Nb5 Rd6 18. Nxd6+ exd6 19. Qe6+ Qxe6 20. Rxe6 Kd7 21. Rfe1 d5 22. R6e2 Ne4 23. Be5 Rg8 24. Rf1 Ke6 25. a3 Bd6 26. Bxd6 Kxd6 27. Rf7 b5 28. Rxa7 h5 29. Rf7 g5 30. Re3 g4 31. Rf5 h4 32. Re5 h3 33. g3 Rf8 34. Re2 c5 35. Rh5 cxd4 36. Rh6+ Kc5 37. b4+ Kc4 38. Rc6+ {Black resigns} 1-0

[Event "Team 45 45 League 2006 Invitational"]
[Site "Internet Chess Club"]
[Date "2006.11.02"]
[Round "1"]
[White "Zyme"]
[Black "BraafPaard"]
[Result "0-1"]
[WhiteElo "1455"]
[BlackElo "1512"]
[TimeControl "2700+45"]

1. d4 d5 2. c4 c6 3. Nf3 Nf6 4. Nc3 dxc4 5. a4 e6 6. e3 Bb4 7. Bxc4 Ne4 8. Qc2 Nf6 9. O-O Nbd7 10. e4 a5 11. Bg5 Be7 12. Rac1 O-O 13. Ba2 h6 14. Bh4 Nh5 15. Bxe7 Qxe7 16. e5 f5 17. exf6 Nhxf6 18. Rfe1 Nb6 19. Bb1 Re8 20. Ne5 Nbd5 21. Nxd5 exd5 22. Re3 Be6 23. Rce1 Rac8 24. Ng6 Qd6 25. g3 c5 26. dxc5 Rxc5 27. Qd3 d4 28. R3e2 Qd7 29. Nf4 Rc6 30. Nxe6 Rcxe6 31. Ba2 Nd5 32. Qc4 Rxe2 33. Qxd5+ Qxd5 34. Rxe2 Qxa2 35. Rxe8+ Kf7 36. Re4 Qb1+ 37. Kg2 Qxe4+ {White resigns} 0-1

[Event "Team 45 45 League 2006 Invitational"]
[Site "Internet Chess Club"]
[Date "2006.11.02"]
[Round "1"]
[White "jharris8000"]
[Black "guyd52"]
[Result "1-0"]
[WhiteElo "1478"]
[BlackElo "1326"]
[TimeControl "2700+45"]

1. d4 d5 2. c4 c6 3. Nf3 g6 4. Nc3 Nf6 5. e3 Bg7 6. Bd3 Nbd7 7. O-O O-O 8. e4 dxe4 9. Nxe4 Nxe4 10. Bxe4 f5 11. Bc2 Nb6 12. b3 Qd6 13. c5 Qc7 14. cxb6 Qxb6 15. Re1 Bf6 16. Ba3 Qc7 17. Qd2 Rd8 18. Rad1 Rd5 19. Qe2 Kf7 20. Ne5+ Bxe5 21. dxe5 Ra5 22. e6+ Kg8 23. Bc1 Rxa2 24. Rd2 b6 25. Bd3 Ra5 26. Bb2 c5 27. Bxf5 gxf5 28. Qh5 c4 29. Qf7# {Black checkmated} 1-0

[Event "Team 45 45 League 2006 Invitational"]
[Site "Internet Chess Club"]
[Date "2006.11.02"]
[Round "1"]
[White "dougmo"]
[Black "jacknor"]
[Result "0-1"]
[WhiteElo "1522"]
[BlackElo "1563"]
[TimeControl "2700+45"]

1. e4 c5 2. Nc3 d6 3. f4 b6 4. Nf3 Bb7 5. Bb5+ Nd7 6. O-O a6 7. Be2 e5 8. d3 Ngf6 9. fxe5 dxe5 10. Qe1 Be7 11. Bg5 Ng4 12. Bxe7 Qxe7 13. Nh4 Ne3 14. Nf5 Nxf5 15. Rxf5 O-O-O 16. Nd5 Bxd5 17. exd5 Kb7 18. c4 Ka7 19. a3 g6 20. Rf2 f5 21. b4 Rde8 22. Rb1 Rhf8 23. Bf3 Qd6 24. bxc5 Nxc5 25. Qb4 a5 26. Qc3 Na4 27. Qc2 Nc5 28. Re2 Rb8 29. Qc3 Rfe8 30. Rbe1 Nd7 31. Re3 Re7 32. Kf1 Rbe8 33. Bd1 Nc5 34. d4 Ne4 35. Qb2 exd4 36. Qxd4 Qc5 37. Qxc5 bxc5 38. Bc2 Nd2+ 39. Kf2 Rxe3 40. Rxe3 Rxe3 41. Kxe3 Nxc4+ 42. Kf4 h6 43. a4 Kb6 44. Bb3 Nd2 45. Bc2 c4 46. Ke5 Nf1 47. d6 Kc6 48. Ke6 Ne3 49. d7 Kc7 50. Bd1 Kd8 51. Be2 c3 52. Bd3 c2 53. Bxc2 Nxc2 54. Kf6 Kxd7 55. Kxg6 Ne3 56. Kxh6 Nxg2 57. Kg5 f4 58. Kg4 Kd6 59. Kf3 Nh4+ 60. Kxf4 Kc5 61. Kg4 Ng6 62. Kg5 Nf8 63. h4 Kb4 64. h5 Kxa4 65. h6 Kb5 66. Kf6 a4 67. Kg7 a3 68. Kxf8 a2 69. h7 a1=Q 70. h8=Q Qxh8+ {White resigns} 0-1

[Event "Team 45 45 League 2006 Invitational"]
[Site "Internet Chess Club"]
[Date "2006.11.03"]
[Round "1"]
[White "kingfischer57"]
[Black "Qualm"]
[Result "1/2-1/2"]
[WhiteElo "1788"]
[BlackElo "1833"]
[TimeControl "2700+45"]

1. d4 Nf6 2. c4 e6 3. Nc3 Bb4 4. e3 Ne4 5. Bd2 Nxd2 6. Qxd2 Be7 7. Nf3 d6 8. Bd3 Nd7 9. O-O O-O 10. Qc2 f5 11. e4 fxe4 12. Nxe4 e5 13. d5 h6 14. Rfe1 Nf6 15. Ng3 Bg4 16. Re3 Nh5 17. Nxh5 Bxh5 18. Nd2 Bg5 19. Ree1 Bxd2 20. Qxd2 Qf6 {Game drawn by mutual agreement} 1/2-1/2

[Event "Team 45 45 League 2006 Invitational"]
[Site "Internet Chess Club"]
[Date "2006.11.03"]
[Round "1"]
[White "izit"]
[Black "f5"]
[Result "0-1"]
[WhiteElo "2212"]
[BlackElo "2336"]
[TimeControl "2700+45"]

1. e4 c5 2. Nf3 Nc6 3. d4 cxd4 4. Nxd4 Nf6 5. Nc3 e5 6. Ndb5 d6 7. Bg5 a6 8. Bxf6 gxf6 9. Na3 b5 10. Nd5 f5 11. Bd3 Be6 12. Qh5 Rg8 13. c3 Rxg2 14. Nc2 Rg5 15. Qxh7 Bxd5 16. exd5 Ne7 17. a4 bxa4 18. Rxa4 Qb6 19. b4 Nxd5 20. Bc4 Qb7 21. Kd2 Nf6 22. Qxf7+ Qxf7 23. Bxf7+ Kxf7 24. f3 Rg2+ 25. Kc1 Nd5 26. b5 Nxc3 27. Rxa6 Rb8 28. b6 Ke6 29. h4 Nd5 30. Ra2 Bh6+ 31. Kb2 Rxb6+ 32. Ka1 Bd2 {White resigns} 0-1

[Event "Team 45 45 League 2006 Invitational"]
[Site "Internet Chess Club"]
[Date "2006.11.03"]
[Round "1"]
[White "Aziraphale"]
[Black "Fineas-Fogg"]
[Result "1/2-1/2"]
[WhiteElo "1534"]
[BlackElo "1478"]
[TimeControl "2700+45"]

1. Nf3 Nf6 2. g3 g6 3. Bg2 Bg7 4. d3 c5 5. O-O d5 6. Nbd2 Nc6 7. e4 Bg4 8. Rb1 O-O 9. b3 Nd4 10. Bb2 Nxf3+ 11. Bxf3 Bxf3 12. Qxf3 d4 13. Nc4 Nd7 14. Rfe1 e5 15. Rbd1 Qc7 16. Bc1 f5 17. Bg5 Nb6 18. exf5 Rxf5 19. Qg4 Nxc4 20. bxc4 Raf8 21. Re2 Qf7 22. Rf1 h5 23. Qh4 a6 24. Be7 Bf6 25. Bxf6 Qxf6 26. Qxf6 R8xf6 27. Rb1 b6 28. a4 a5 29. h4 Kf7 30. Kg2 g5 31. Rh1 g4 32. Rb1 Ke7 33. Rb5 Kd7 34. Rb3 Kc6 35. Rb5 Rf8 36. Rb3 {Game drawn by mutual agreement} 1/2-1/2

[Event "Team 45 45 League 2006 Invitational"]
[Site "Internet Chess Club"]
[Date "2006.11.03"]
[Round "1"]
[White "parrot9"]
[Black "Wheels"]
[Result "0-1"]
[WhiteElo "1720"]
[BlackElo "1691"]
[TimeControl "2700+45"]

1. e4 c5 2. Nf3 g6 3. d4 cxd4 4. Nxd4 Nc6 5. Be3 Bg7 6. Nc3 Nf6 7. f3 O-O 8. Qd2 Re8 9. g4 Nxd4 10. Bxd4 e5 11. Be3 b6 12. O-O-O Bb7 13. g5 Nh5 14. Qxd7 Qxd7 15. Rxd7 Bc6 16. Rc7 Rec8 17. Rxc8+ Rxc8 18. Bc4 Kf8 19. Rd1 Bxe4 20. Ba6 Rxc3 21. bxc3 Bxf3 22. Rd8+ Ke7 23. Rc8 Kd7 24. Rb8 Kc7 25. Rc8+ Kd7 26. c4 f6 27. c5 bxc5 28. Bxc5 fxg5 29. Bxa7 g4 30. Rg8 Bd5 31. Bb5+ Kc7 32. Rb8 Bh6+ 33. Kb2 Be3 34. Rh8 Bxa7 35. Rxh7+ Kb6 36. c4 Be4 37. a4 Bb8 38. Re7 Nf4 39. Kb3 Bf5 40. Rd7 Bxd7 41. Bxd7 e4 42. Bxg4 e3 43. Kc3 Bd6 44. h4 e2 45. Bxe2 Nxe2+ 46. Kd3 Nf4+ 47. Kd4 Bc5+ 48. Ke4 Ng2 49. Kf3 Nxh4+ 50. Kg4 Be7 51. a5+ Kxa5 52. c5 Kb5 {White resigns} 0-1

[Event "Team 45 45 League 2006 Invitational"]
[Site "Internet Chess Club"]
[Date "2006.11.03"]
[Round "1"]
[White "mickeys"]
[Black "Rainbird"]
[Result "0-1"]
[WhiteElo "1711"]
[BlackElo "1772"]
[TimeControl "2700+45"]

1. d4 Nf6 2. c4 e6 3. Nf3 d5 4. Nc3 Bb4 5. Bg5 Nbd7 6. e3 c5 7. cxd5 exd5 8. a3 Bxc3+ 9. bxc3 Qa5 10. Qc2 Ne4 11. Bd3 Qxc3+ 12. Qxc3 Nxc3 13. O-O c4 14. Bf5 O-O 15. Be7 Re8 16. Bb4 Ne4 17. Bxd7 Bxd7 18. Ne5 Rad8 19. f3 Ng5 20. Kf2 f6 21. Nxd7 Rxd7 22. h4 Nf7 23. g4 b6 24. Rg1 a5 25. Bc3 Rde7 26. Rge1 Nd6 27. Rab1 Rb7 28. Rb2 Ra8 29. Reb1 b5 30. Ke2 b4 31. axb4 Nb5 32. Kd2 a4 33. Ra2 Re7 34. Re1 Rae8 35. Rc2 a3 36. Ba1 Kf7 37. Bc3 g6 38. Ba1 f5 39. Rcc1 fxg4 40. fxg4 Re4 41. Rf1+ Kg8 42. Rf3 Rxg4 43. Rh3 Rg2+ 44. Kd1 Rf8 45. Bc3 Nxc3+ 46. Rxc3 Rf1# {White checkmated} 0-1

[Event "Team 45 45 League 2006 Invitational"]
[Site "Internet Chess Club"]
[Date "2006.11.04"]
[Round "1"]
[White "Boromir"]
[Black "camembert"]
[Result "1/2-1/2"]
[WhiteElo "1955"]
[BlackElo "1900"]
[TimeControl "2700+45"]

1. e4 e5 2. Bc4 Nf6 3. d4 exd4 4. Nf3 c5 5. O-O Be7 6. e5 Ne4 7. Bd5 f5 8. Qe2 Nc6 9. c3 d6 10. cxd4 cxd4 11. Bxc6+ bxc6 12. Nxd4 dxe5 13. Nxc6 Qc7 14. Nxe7 Qxe7 15. Nd2 Nc5 16. b4 Nd7 17. a3 O-O 18. Bb2 Re8 19. Nf3 Bb7 20. Rad1 Rad8 21. Qb5 Bxf3 22. gxf3 Qg5+ 23. Kh1 Qf4 24. Rxd7 Qxf3+ 25. Kg1 Qg4+ {Game drawn by mutual agreement} 1/2-1/2

[Event "Team 45 45 League 2006 Invitational"]
[Site "Internet Chess Club"]
[Date "2006.11.04"]
[Round "1"]
[White "Prop"]
[Black "gilalva"]
[Result "1-0"]
[WhiteElo "1189"]
[BlackElo "1249"]
[TimeControl "2700+45"]

1. e4 e5 2. Nf3 Nc6 3. Bc4 Nf6 4. d3 Bb4+ 5. c3 Be7 6. O-O d5 7. Bb5 dxe4 8. Nxe5 Bd7 9. Nxd7 Qxd7 10. Qe2 a6 11. Bc4 b5 12. Bb3 Qxd3 13. Qxd3 exd3 14. Bf4 Ra7 15. Nd2 O-O 16. Rfe1 Bc5 17. Ne4 Nxe4 18. Rxe4 b4 19. Rae1 Na5 20. Ba4 bxc3 21. bxc3 Rb7 22. Re5 Bb6 23. Rd5 Nc4 24. Rxd3 Nb2 25. Rd7 Nxa4 26. Bd2 Nc5 27. Rde7 Nd3 28. R1e2 Bxf2+ 29. Rxf2 Rb1+ 30. Rf1 Rb2 31. Be3 Re2 32. Bg5 Rxe7 33. Bxe7 Re8 34. Bh4 f6 35. Rd1 Nb2 36. Rd7 c5 37. Ra7 Re6 38. Rc7 Na4 39. Rc8+ Kf7 40. Rc7+ Kg6 41. Bf2 Nxc3 42. Bxc5 Nxa2 43. g4 Re1+ 44. Kg2 Re2+ 45. Kg3 Rc2 46. h4 Rc3+ 47. Kf4 Rc4+ 48. Kg3 Nc3 49. h5+ Kh6 50. Be3+ g5 51. Rxc4 Nd1 52. Bc5 a5 53. Bf8# {Black checkmated} 1-0

[Event "Team 45 45 League 2006 Invitational"]
[Site "Internet Chess Club"]
[Date "2006.11.04"]
[Round "1"]
[White "alaskauk"]
[Black "Two-DogMan"]
[Result "1/2-1/2"]
[WhiteElo "1531"]
[BlackElo "1543"]
[TimeControl "2700+45"]

1. e4 e5 2. Nf3 d6 3. Bc4 Be7 4. h3 Nd7 5. d4 Ngf6 6. Nc3 c6 7. dxe5 dxe5 8. O-O O-O 9. Re1 Qb6 10. Rb1 Bc5 11. Be3 Qc7 12. Na4 Bxe3 13. Rxe3 b5 14. Bb3 bxa4 15. Bxa4 Nc5 16. Bb3 Nxb3 17. cxb3 Bb7 18. Qc2 Rad8 19. Qc5 Ba6 20. Rc1 Nd7 21. Qc3 Rfe8 22. a4 Nb6 23. Qa5 Bc8 24. Nh2 Be6 25. g4 f6 26. Qe1 Nd7 27. Rec3 Qa5 28. Qe3 c5 29. Qf3 c4 30. bxc4 Qxa4 31. Qe3 Qb4 32. Rb3 Qc5 33. Qe2 a6 34. Rbc3 Nb6 35. b3 a5 36. Qe3 Rd4 37. Nf3 Red8 38. Nxd4 exd4 39. Qd2 a4 40. bxa4 Nxa4 41. Rd3 Nb6 42. Qb2 Nxc4 43. Qb3 Rc8 44. Qa2 Qe5 45. Qa6 Qxe4 46. Rxd4 Qe5 47. Rcd1 h6 48. Rd5 Bxd5 49. Qxc8+ Kh7 50. Qf5+ Qxf5 51. gxf5 Be4 52. Rd4 Bxf5 53. Rxc4 Bxh3 54. Rh4 Bf5 55. Rf4 g6 56. Rb4 h5 57. Rb7+ Kh6 58. Rb6 Kg5 59. Rb5 Kf4 60. Rb6 Kg5 61. Rb5 h4 62. Rb6 Be4 63. Rb4 f5 64. Kh2 Kf4 65. Rb6 g5 66. Rb4 g4 67. Rb3 Ke5 68. Re3 Kd4 69. Ra3 Bf3 70. Re3 h3 71. Ra3 Ke4 72. Rc3 Kf4 73. Rc4+ Kg5 74. Rb4 Bg2 75. Kg3 Kh5 76. Rb5 Kg5 77. Kh2 Bf3 78. Kg3 Be4 79. Rc5 Kf6 80. Kh2 Ke6 81. Ra5 Bd5 82. Ra6+ Ke5 83. Ra4 Be4 84. Kg3 Bf3 85. Rb4 Kd5 86. Ra4 Be4 87. Rb4 Kc5 88. Ra4 Bc2 89. Ra2 Bd3 90. Ra4 Kb5 91. Rd4 Be4 92. Rd2 Kc4 93. Rd8 Kc3 94. Rd6 Bd3 95. Rf6 Kd2 96. Re6 Be4 97. Rh6 Ke2 98. Rb6 h2 99. Rb2+ Kf1 100. Kxh2 f4 101. Ra2 Bf3 102. Rb2 Be2 103. Rb4 Kxf2 104. Rxf4+ Bf3 105. Rxg4 Bxg4 {Game drawn because neither player has mating material} 1/2-1/2

[Event "Team 45 45 League 2006 Invitational"]
[Site "Internet Chess Club"]
[Date "2006.11.04"]
[Round "1"]
[White "Cataclysm"]
[Black "BosqueVerde"]
[Result "0-1"]
[WhiteElo "1213"]
[BlackElo "1203"]
[TimeControl "2700+45"]

1. e4 e6 2. d4 d5 3. Nc3 Bb4 4. e5 c5 5. a3 Bxc3+ 6. bxc3 Qc7 7. Qg4 Ne7 8. Qxg7 Rg8 9. Qxh7 cxd4 10. Nf3 Qxc3+ 11. Kd1 Qxa1 12. Qd3 Bd7 13. Nxd4 Nbc6 14. Qb5 Qxd4+ 15. Bd2 b6 16. Qe2 Nxe5 17. g3 Qe4 18. Qxe4 dxe4 19. Bg2 f5 20. Ke2 Nd5 21. f4 Bb5+ 22. Kd1 Nc4 23. Re1 Nxd2 24. Kxd2 e3+ 25. Kc1 O-O-O 26. Bxd5 Rxd5 27. Rxe3 Rgd8 28. Rxe6 Kb7 29. Rf6 Rc8 30. h4 Bd3 31. Kd2 Rxc2+ 32. Ke3 Re2+ 33. Kf3 Rh2 34. a4 Be2+ 35. Ke3 Rd3# {White checkmated} 0-1

[Event "Team 45 45 League 2006 Invitational"]
[Site "Internet Chess Club"]
[Date "2006.11.04"]
[Round "1"]
[White "FiendAngelical"]
[Black "Cantemir"]
[Result "1-0"]
[WhiteElo "1532"]
[BlackElo "1522"]
[TimeControl "2700+45"]

1. e4 c5 2. Nf3 Nc6 3. d4 cxd4 4. Nxd4 e5 5. Nb5 d6 6. N1c3 a6 7. Na3 b5 8. Nd5 Be6 9. c3 Nge7 10. Bg5 h6 11. Bxe7 Bxe7 12. Nc2 O-O 13. a4 Bxd5 14. Qxd5 Qb6 15. axb5 axb5 16. Rxa8 Rxa8 17. Bxb5 Ra5 18. Qxc6 Qxb5 19. Qxb5 Rxb5 20. b4 d5 21. Na3 Rb8 22. exd5 Ra8 23. Nc2 Ra2 24. Kd1 Bxb4 25. Nxb4 Ra1+ 26. Kd2 Rxh1 27. c4 Rxh2 28. d6 Kf8 29. c5 Ke8 30. c6 Rh4 31. d7+ Kd8 32. Kc3 Rd4 33. Nc2 Ra4 34. Nb4 Ra7 35. Kc4 g5 36. Kc5 h5 37. Kd6 e4 38. Nd5 Ra6 39. Nb4 Ra7 40. Nd5 h4 41. Ne3 Ra6 42. Nf5 f6 43. Nh6 Rxc6+ 44. Kxc6 Ke7 45. Nf5+ Kd8 46. Kd6 g4 47. Nh6 g3 48. Nf7# {Black checkmated} 1-0

[Event "Team 45 45 League 2006 Invitational"]
[Site "Internet Chess Club"]
[Date "2006.11.04"]
[Round "1"]
[White "BrerRabbit"]
[Black "GrandPoobah069"]
[Result "0-1"]
[WhiteElo "1599"]
[BlackElo "1761"]
[TimeControl "2700+45"]

1. d4 Nf6 2. c4 c5 3. d5 b5 4. Nf3 d6 5. cxb5 a6 6. b6 Qxb6 7. Nc3 g6 8. e4 Nbd7 9. Qa4 Bg7 10. Bd3 O-O 11. O-O Ng4 12. Qc2 Nge5 13. Be2 Nxf3+ 14. Bxf3 Ne5 15. Be2 Rb8 16. b3 Ng4 17. h3 Ne5 18. Be3 Bb7 19. Rab1 a5 20. f4 Nd7 21. f5 Ba6 22. fxg6 fxg6 23. Bxa6 Qxa6 24. Qd2 Rbd8 25. Bg5 Bd4+ 26. Kh1 Rxf1+ 27. Rxf1 Qxf1+ 28. Kh2 Qg1+ 29. Kg3 Nf6 30. Qc2 Bxc3 {White resigns} 0-1

[Event "Team 45 45 League 2006 Invitational"]
[Site "Internet Chess Club"]
[Date "2006.11.04"]
[Round "1"]
[White "Tomate"]
[Black "grandpa06"]
[Result "1-0"]
[WhiteElo "1474"]
[BlackElo "1441"]
[TimeControl "2700+45"]

1. e4 d5 2. exd5 Nf6 3. Nf3 Nxd5 4. Bc4 Nc6 5. O-O Nb6 6. Bxf7+ Kxf7 7. Ng5+ Ke8 8. Qf3 Ne5 9. Qf4 Qd6 10. d4 Nd5 11. dxe5 Nxf4 12. exd6 Ne2+ 13. Kh1 Nxc1 14. dxc7 h6 15. Nf3 Ne2 16. Re1 Nf4 17. Nc3 Ne6 18. Nd5 Bd7 19. Ne5 Rc8 20. Ng6 Rg8 21. Rad1 Nxc7 22. Ndxe7 Bxe7 23. Nxe7 Rf8 24. Nxc8+ Kd8 25. Nd6 b6 26. f3 Ne6 27. Re2 Kc7 28. Red2 Bc6 29. Kg1 g6 30. Nc4 Bb5 31. Ne5 Nc5 32. Nxg6 Rf6 33. Ne5 h5 34. c4 Re6 35. f4 Ba6 36. b4 Ne4 37. Rd7+ Kb8 38. c5 Nc3 39. Rd8+ Bc8 40. R1d6 Ne2+ 41. Kf2 Nxf4 42. Rxe6 Nxe6 43. Rh8 bxc5 44. bxc5 Kc7 45. c6 h4 46. Rxh4 Ba6 47. Rh6 Ng5 48. h4 Ne4+ 49. Ke3 Nc3 50. a3 Bb5 51. Kd4 Ne2+ 52. Kc5 a6 53. Rh7+ Kd8 54. c7+ Kc8 55. Kb6 {Black resigns} 1-0

[Event "Team 45 45 League 2006 Invitational"]
[Site "Internet Chess Club"]
[Date "2006.11.04"]
[Round "1"]
[White "crankn8tr"]
[Black "hansolo1000"]
[Result "0-1"]
[WhiteElo "1572"]
[BlackElo "1739"]
[TimeControl "2700+45"]

1. e4 c5 2. Nf3 d6 3. d4 cxd4 4. Nxd4 Nf6 5. Nc3 a6 6. f3 e5 7. Nb3 Be6 8. Be3 Be7 9. g4 b5 10. g5 Nh5 11. Qd2 Nd7 12. O-O-O O-O 13. Rg1 Nb6 14. Qf2 Nc4 15. Bxc4 bxc4 16. Na1 Rb8 17. Nd5 Bxd5 18. Rxd5 Rb5 19. Rxb5 axb5 20. c3 Qa5 21. a3 Rd8 22. Bb6 Qa6 23. Bxd8 Bxd8 24. Nc2 Bb6 25. Qh4 Nf4 26. Rd1 Nd3+ 27. Kb1 Qa4 28. Qh3 g6 29. Qf1 Bc5 30. Rxd3 cxd3 31. Qxd3 Qb3 32. Nb4 Kg7 33. Qxb5 Qd1+ 34. Ka2 Qxf3 35. Qd3 Qh5 36. Qg3 Qe2 37. Qd3 Qxh2 38. a4 Qf4 39. a5 Qxg5 40. a6 Qd8 41. Qb5 h5 42. Nc6 Qd7 43. Qb7 Qe6+ 44. Kb1 Qg4 45. a7 Qxe4+ 46. Ka2 Bxa7 47. Qxa7 Qxc6 48. Qe3 h4 49. b4 Qg2+ 50. Kb3 h3 51. Qd3 h2 52. Qxd6 Qe4 53. c4 h1=Q 54. c5 Qa1 55. c6 Qeb1+ 56. Kc4 Qc2+ 57. Kb5 Qaa4+ 58. Kb6 Qf2+ 59. Kc7 Qfa7+ 60. Kd8 Qb6+ 61. Kd7 Qaa7+ 62. c7 Qxd6+ 63. Kxd6 Qd4+ 64. Kc6 Qxb4 {White resigns} 0-1

[Event "Team 45 45 League 2006 Invitational"]
[Site "Internet Chess Club"]
[Date "2006.11.04"]
[Round "1"]
[White "fabill"]
[Black "katabatico"]
[Result "1-0"]
[WhiteElo "1180"]
[BlackElo "1223"]
[TimeControl "2700+45"]

1. d4 d5 2. h3 Bf5 3. Nf3 e6 4. e3 Nf6 5. g4 Be4 6. Bg2 c5 7. Nc3 cxd4 8. exd4 Nc6 9. Bg5 Nb4 10. Nxe4 dxe4 11. Ne5 Qc7 12. c3 Nd3+ 13. Nxd3 exd3 14. Qxd3 O-O-O 15. O-O h6 16. Be3 e5 17. Qf5+ Nd7 18. d5 f6 19. Bxa7 Bc5 20. Bxc5 Qxc5 21. Rfc1 Kb8 22. Qe4 Qd6 23. c4 Nc5 24. Qe3 e4 25. b4 Nd3 26. Rc2 Nxb4 27. Rb2 Nd3 28. Rb3 Rhe8 29. Rab1 Rd7 30. Bxe4 Nc5 31. Rxb7+ Rxb7 32. Rxb7+ Kxb7 33. f3 Nxe4 34. fxe4 Qa3 35. Qe2 Qxh3 36. a4 Ra8 37. Qb2+ Kc7 38. Qb5 Qxg4+ 39. Kf1 Qf3+ 40. Kg1 Qd1+ 41. Kg2 Qd2+ 42. Kf3 Qd4 43. Qc6+ Kb8 44. Qe8+ Ka7 45. Qd7+ Kb8 46. Qd8+ Kb7 47. Qd7+ Kb6 48. Qc6+ Ka7 49. Qc7+ Ka6 50. Qc6+ Qb6 51. Qxa8+ Qa7 52. Qxa7+ Kxa7 53. d6 Kb7 54. c5 Kc6 55. a5 Kxc5 56. d7 Kc6 57. d8=Q {Black resigns} 1-0

[Event "Team 45 45 League 2006 Invitational"]
[Site "Internet Chess Club"]
[Date "2006.11.04"]
[Round "1"]
[White "Kingofknights"]
[Black "Theodulf"]
[Result "1-0"]
[WhiteElo "1664"]
[BlackElo "1723"]
[TimeControl "2700+45"]

1. d4 d5 2. c4 dxc4 3. Nf3 Nf6 4. Nc3 a6 5. e4 Nc6 6. Bxc4 e5 7. d5 Na5 8. Bd3 Bg4 9. a3 Bxf3 10. gxf3 b5 11. b4 Nb7 12. Bb2 Nh5 13. Nxb5 axb5 14. Bxb5+ Ke7 15. Bxe5 f6 16. Bd4 Nd6 17. Bc6 Rc8 18. f4 Nxf4 19. Qg4 g5 20. h4 Bh6 21. Be3 Rg8 22. hxg5 Rxg5 23. Qd1 Ng2+ 24. Ke2 Nxe3 25. fxe3 Nxe4 26. Qe1 Ng3+ 27. Kd3 Rxd5+ 28. Kc4 Rd6 29. b5 Nxh1 30. Qxh1 Qg8+ 31. Kc3 Qg5 32. Qe4+ Qe5+ 33. Qxe5+ fxe5 34. Rh1 Rcd8 35. Be4 Rh8 36. Rh3 Bg7 37. a4 h5 38. a5 Rd1 39. Kb2 Kd6 40. a6 Kc5 41. a7 Kxb5 42. Rxh5 Rxh5 43. a8=Q Rh2+ 44. Kb3 Rd6 45. Qa4+ Kb6 46. Qb4+ Ka6 47. Qb7+ Ka5 48. Qa7+ Ra6 49. Qc5# {Black checkmated} 1-0

[Event "Team 45 45 League 2006 Invitational"]
[Site "Internet Chess Club"]
[Date "2006.11.04"]
[Round "1"]
[White "MPknight"]
[Black "fredd"]
[Result "1-0"]
[WhiteElo "1655"]
[BlackElo "1629"]
[TimeControl "2700+45"]

1. d4 Nf6 2. c4 d5 3. Nf3 Nbd7 4. e3 e6 5. Nc3 Be7 6. Bd3 b6 7. O-O Bb7 8. b3 O-O 9. Bb2 c5 10. Qe2 cxd4 11. exd4 Re8 12. Rad1 a6 13. Rfe1 Qc7 14. cxd5 Nxd5 15. Nxd5 Bxd5 16. Rc1 Qb7 17. Be4 Nf6 18. Bxd5 Nxd5 19. Qe4 Qd7 20. Ne5 Qb5 21. Nxf7 Kxf7 22. Qxe6+ Kf8 23. Re5 Bf6 24. Ba3+ Be7 25. Rf5+ Nf6 26. Rxb5 Bxa3 27. Qxb6 Bxc1 28. Re5 Rac8 29. Rxe8+ Rxe8 30. Qc5+ Kf7 31. Qxc1 Nd5 32. g3 Re2 33. Qc4 Re1+ 34. Kg2 Ke6 35. Qc6+ {Black resigns} 1-0

[Event "Team 45 45 League 2006 Invitational"]
[Site "Internet Chess Club"]
[Date "2006.11.05"]
[Round "1"]
[White "A-Ru"]
[Black "SpikeyJ"]
[Result "1-0"]
[WhiteElo "2033"]
[BlackElo "1771"]
[TimeControl "2700+45"]

1. d4 Nf6 2. Nf3 g6 3. Nc3 Bg7 4. e4 d6 5. Be3 O-O 6. Qd2 a6 7. Bh6 b5 8. Bd3 Nc6 9. O-O-O e5 10. dxe5 Nxe5 11. Nxe5 dxe5 12. f3 Be6 13. Bxg7 Kxg7 14. g4 b4 15. Na4 Qe7 16. Kb1 Bd7 17. b3 Bxa4 18. bxa4 Rfd8 19. Qe2 a5 20. h4 Nd7 21. h5 Nc5 22. Bb5 Rxd1+ 23. Qxd1 Rd8 24. Qc1 g5 25. h6+ Kf8 26. Qe3 Rd4 27. a3 f6 28. c3 bxc3 29. Qxc3 Nxa4 30. Qxa5 Qxa3 31. Qa8+ Ke7 32. Qe8+ Kd6 33. Qf8+ Ke6 34. Qxa3 {Black resigns} 1-0

[Event "Team 45 45 League 2006 Invitational"]
[Site "Internet Chess Club"]
[Date "2006.11.05"]
[Round "1"]
[White "qs16"]
[Black "JohnnySP"]
[Result "0-1"]
[WhiteElo "1735"]
[BlackElo "1835"]
[TimeControl "2700+45"]

1. e4 e5 2. Nf3 Nc6 3. Bb5 a6 4. Ba4 Nf6 5. O-O d6 6. Re1 Be7 7. h3 O-O 8. c3 b5 9. Bc2 Bb7 10. d3 d5 11. exd5 Nxd5 12. Nbd2 Nf4 13. Nf1 Bd6 14. Bxf4 exf4 15. d4 Ne7 16. Be4 c6 17. Qc2 g6 18. Rad1 Qc7 19. N1h2 Kg7 20. Rd2 Rad8 21. Rde2 Bc8 22. Bd3 Nd5 23. a3 Nf6 24. Ng5 Rfe8 25. Nhf3 h6 26. Ne4 Nxe4 27. Bxe4 Bd7 28. Nh4 Re6 29. Bd3 Rde8 30. Rxe6 Rxe6 31. Rxe6 Bxe6 32. Bxg6 Be7 33. Nf5+ Kxg6 34. Nxe7+ Kf6 35. Nxc6 Qxc6 36. Qh7 Ke7 37. Qxh6 Qe4 38. Qg5+ Kd7 39. Kh2 f3 40. g4 Qe2 41. Kg3 Qxb2 42. d5 Qxc3 43. dxe6+ fxe6 44. Qe3 b4 45. axb4 Qxb4 46. Qd3+ Qd6+ 47. Qxd6+ Kxd6 48. h4 a5 49. h5 Ke7 50. h6 Kf7 51. g5 a4 52. Kg4 Kg6 {White resigns} 0-1